 Dungeon Crawl Stone Soup version 0.29-a0-664-gff9cad4a3d (webtiles) character file.

Game seed: 16506255846287227866

118 testman the Skirmisher (level 4, -1/60 HPs)
             Began as a Palentonga Berserker on June 22, 2022.
             Was a Believer of Trog.
             Slain by an iron imp (4 damage)
             ... summoned by Natasha
             ... on level 2 of the Dungeon.
             The game lasted 00:02:08 (1189 turns).

testman the Skirmisher (Palentonga Berserker)       Turns: 1189, Time: 00:02:09

Health: -1/60      AC:  4    Str: 22    XL:     4   Next: 72%
Magic:  4/4        EV:  9    Int:  7    God:    Trog [**....]
Gold:   60         SH:  0    Dex: 10    Spells: 3/3 levels left

rFire   . . .      SeeInvis +   g - +0 war axe
rCold   . . .      Faith    .   (no shield)
rNeg    . . .      Spirit   .   b - +0 animal skin
rPois   .          Reflect  .   (no helmet)
rElec   .          Harm     .   (no cloak)
rCorr   .          Rampage  .   (no gloves)
Will    .....                   (no barding)
Stlth   ..........              (no amulet)
HPRegen 0.20/turn               (no ring)
MPRegen 0.09/turn               (no ring)

@: berserking (expiring), very quick
A: large, rugged brown scales 3, see invisible, deformed body, roll 1, armoured
tail
a: Rolling Charge, Renounce Religion, Berserk, Trog's Hand


You were on level 2 of the Dungeon.
You worshipped Trog.
Trog was pleased with you.
You visited 1 branch of the dungeon, and saw 2 of its levels.

You collected 60 gold pieces.

Inventory:

Hand Weapons
 a - a +0 hand axe
 g - a +0 war axe (weapon)
Armour
 b - a +0 animal skin (worn)
Scrolls
 c - a scroll of torment {unknown}
 d - 2 scrolls of immolation {unknown}
 e - 8 scrolls of identify {unknown}
Potions
 f - a potion of might {unknown}


   Skills:
 + Level 4.4 Fighting
 + Level 4.4 Axes
 - Level 1.5 Armour
 - Level 1.5 Dodging


You had 3 spell levels left.
You didn't know any spells.
Your spell library was empty.

Dungeon Overview and Level Annotations

Branches:
Dungeon (2/15)

Altars:

Annotations:
D:2 Natasha


Innate Abilities, Weirdness & Mutations

You are completely covered in rugged brown scales. (AC +3, +7% HP)
You have supernaturally acute eyesight. (SInv)
Armour fits poorly on your strangely shaped body.
You can roll at nearby foes to attack.
You have a long armoured tail.


Message History

The gnoll is severely wounded.
You closely miss the gnoll. Terence completely misses you.
The gnoll completely misses you. The gnoll barely misses you.
You closely miss the gnoll. You tail-slap the gnoll.
You kill the gnoll!
Trog accepts your kill.
You slash the gnoll!
You kill the gnoll!
Trog accepts your kill.
Natasha mumbles some strange words.
Terence barely misses you.
You are too berserk!
You hit Terence.
Terence is moderately wounded.
You slash the white imp! Terence barely misses you.
You slash Terence!
Terence is severely wounded.
You slash the crimson imp! Terence completely misses you.
You closely miss Terence.
Terence is severely wounded.
You miss the crimson imp. Terence closely misses you.
The crimson imp barely misses you.
You hit Terence.
Terence is severely wounded.
You miss the crimson imp. Terence hits you with a +0 trident.
* * * LOW HITPOINT WARNING * * *
The crimson imp hits you but does no damage.
You slash Terence!
You kill Terence!
Trog accepts your kill.
You can now call upon Trog for regeneration and willpower.
You hit the crimson imp.
You kill the crimson imp!
The crimson imp disappears in a puff of smoke!
You hit the iron imp.
The iron imp is moderately wounded.
You barely miss the iron imp.
The iron imp is moderately wounded.
The iron imp hits you.
You die...

#########
#......<######
#.#####......#
##.##.######
#..).....## #
##.##.##.....
#.##.##.......#
#..).@).### #
####5####
#5)h...#
....##.# .#.#.#
#.#.... #
#.#..# #.# .#
... ..


You could see an iron imp (summoned) and a white imp (summoned).

Vanquished Creatures
  Terence (D:2)
  Natasha (D:2)
  4 gnolls (D:2)
  2 ball pythons
  2 bats (D:1)
  2 endoplasms
  2 hobgoblins (D:1)
  6 jackals (D:1)
  A quokka (D:1)
  A frilled lizard (D:1)
  3 goblins
  A kobold (D:1)
  3 rats (D:1)
29 creatures vanquished.

Notes
Turn   | Place    | Note
-------+----------+-------------------------------------------
     0 | D:1      | testman the Palentonga Berserker began the quest for the
                  | Orb.
     0 | D:1      | Reached XP level 1. HP: 19/19 MP: 1/1
   314 | D:1      | Reached XP level 2. HP: 22/25 MP: 2/2
   899 | D:1      | Found a faded altar of an unknown god.
  1169 | D:2      | Noticed Natasha
  1172 | D:2      | Killed Natasha
  1173 | D:2      | Reached XP level 3. HP: 32/32 MP: 3/3
  1177 | D:2      | Noticed Terence
  1178 | D:2      | Noticed Natasha
  1179 | D:2      | Reached XP level 4. HP: 12/39 MP: 4/4
  1187 | D:2      | Killed Terence
  1187 | D:2      | Reached ** piety under Trog
  1189 | D:2      | Slain by an iron imp

Illustrated notes

Levels and vault maps discovered:
D:1:      dpeg_arrival_simpleton_b, layout_loops_ring,
          ebering_ecumenical_altar_webs
D:2:      minmay_wonky_spiral, layout_loops_cross, basic_altar,
          uniq_crazy_yiuf_cottage, uniq_natasha, uniq_terence

Skill      XL: |  1  2  3 |
---------------+----------+-----
Fighting       | 4 |  4.4
Axes           | 4 |  4.4
Armour         | |  1.5
Dodging        | |  1.5

Action                   |  1- 3 |  4- 6 || total
-------------------------+-------+-------++-------
Melee: Hand axe          |    28 |       ||    28
       Tailslap          |     5 |     1 ||     6
       War axe           |    21 |     9 ||    30
Invok: Berserk           |       |     1 ||     1
 Abil: Rolling Charge    |    15 |       ||    15
Armor: Animal skin       |    16 |     1 ||    17
Dodge: Dodged            |    16 |     9 ||    25

Table legend: (Time is in decaauts)
 A = Elapsed time spent in this place.
 B = Non-inter-level travel time spent in this place.
 C = Inter-level travel time spent in this place.
 D = Time resting spent in this place.
 E = Time spent auto-exploring this place.
 F = Levels seen in this place.
 G = Mean time per level.
                   A        B        C        D        E       F      G
               +--------+--------+--------+--------+--------+-----+--------+
         Total |   1197 |   1092 |    105 |      0 |    974 |   2 |  598.5 |
       Dungeon |   1197 |   1092 |    105 |      0 |    974 |   2 |  598.5 |
               +--------+--------+--------+--------+--------+-----+--------+

Top non-repeatable levels by time:
     D:1: 1172 daAuts
     D:2: 24 daAuts
